[Event "*** Titled Tuesday 3|2 Blitz"]
[Site "Chess.com"]
[Date "2016.06.07"]
[Round "4"]
[White "profofchess"]
[Black "Aguiar94"]
[Result "1-0"]
[WhiteElo "2324"]
[BlackElo "2341"]
[TimeControl "180+2"]
[EndTime "11:52:54 PDT"]
[Termination "profofchess won by resignation"]

1. e4 c5 2. Nf3 e6 3. c3 d5 4. e5 d4 5. Bd3 Nc6 6. O-O Nge7 7. Re1 g6 8. Na3 Bg7 9. Nc4 O-O 10. a4 a6 11. a5 Nd5 12. g3 Qc7 13. Qe2 Bd7 14.
Be4 Rae8 15. cxd4 Nxd4 16. Nxd4 cxd4 17. Bg2 Bb5 18. d3 f6 19. exf6 Bxf6 20. Bh6 Rf7 21.
Na3 Bc6 22. Nc4 Qe7 23. f4 Qb4 24. h4 Bg7 25. Bxg7 Rxg7 26. Ne5 Bb5 27. Bxd5 exd5 28. Qc2 Rge7 29. Kh2 Kg7 30. Re2 Re6 31. Qd2 Qxd2 32. Rxd2 Rxe5 33. fxe5 Rxe5 34. Rc1 Bc6 35. Kg2 Re3 36.
Kf2 Re7 37. Re1 Rf7+ 38. Kg2 Bb5 39. Ree2 Rc7 40. Rc2 Rf7 41. Red2 Re7 42. Rc8 Rd7 43. Re8 Kf7 44. Re5 Kf6 45. Re1 Kg7 46. Kf3 Kf6 47. g4 Rd8 48. Kf4 Rd7 49. g5+ Kg7 50. Re5 Kf7 51.
Kg4 Kg7 52. h5 gxh5+ 53. Kxh5 Kg8 54. Re8+ Kg7 55. Re6 Kf7 56. Re5 Kg7 57. Rf5 Rd6 58.
Rf3 Be8+ 59. Kh4 Bg6 60. Re2 Rd7 61. Re6 Kg8 62. Rb6 Kg7 63. Kg3 Kg8 64. Kf2 Kg7 65. Ke2 Kg8 66. Kd2 Kg7 67. b4 Kg8 68. b5 axb5 69. Rxb5 Be8 70. Rb6 Re7 71. Rf5 Rd7 72. Rf1 Rc7 73. Rfb1 Ba4 74. Rxb7 Rc2+ 75. Ke1 Rc3 76. Ra7 Be8 77. Rb8 Kf8 78. Raa8 Rxd3 79.
Rxe8+ Kg7 80. Re6 Ra3 81. Rd6 Kf7 82. Ra7+ Ke8 83. Rxd5 d3 84. Kd2 Ra2+ 85. Kxd3 Ra3+ 86. Kc4 Ra4+ 87. Kb5 Ra1 88. Ka6 Rb1 89. Rb5 1-0

[Event "*** Titled Tuesday 3|2 Blitz"]
[Site "Chess.com"]
[Date "2016.06.07"]
[Round "5"]
[White "162a54f5d"]
[Black "RamonManon0g"]
[Result "1-0"]
[WhiteElo "2152"]
[BlackElo "2095"]
[TimeControl "180+2"]
[EndTime "11:54:45 PDT"]
[Termination "162a54f5d won by resignation"]

1. d4 Nf6 2. Nf3 e6 3. g3 b6 4.
Bg2 Bb7 5. O-O Be7 6. c4 O-O 7. d5 d6 8. dxe6 fxe6 9. Nc3 Qd7 10. Ne5 dxe5 11. Bxb7 Qxd1 12. Rxd1 Nbd7 13. Bxa8 Rxa8 14.
Bg5 h6 15. Rxd7 1-0

[Event "*** Titled Tuesday 3|2 Blitz"]
[Site "Chess.com"]
[Date "2016.06.07"]
[Round "5"]
[White "playerzr"]
[Black "1stSecond"]
[Result "0-1"]
[WhiteElo "1956"]
[BlackElo "2557"]
[TimeControl "180+2"]
[EndTime "11:58:16 PDT"]
[Termination "1stSecond won on time"]

1. d4 Nf6 2. c4 c5 3. Nf3 g6 4. g3 Bg7 5. d5 b5 6. cxb5 a6 7. Bg2 O-O 8. bxa6 d6 9. O-O Nbd7 10.
Nc3 Nb6 11. Qc2 Bf5 12. e4 Bc8 13. Rd1 Bxa6 14. a4 Ng4 15. h3 Ne5 16. Nxe5 Bxe5 17. b3 Nd7 18. Bb2 Qa5 19. Na2 Bxb2 20. Qxb2 Rfb8 21.
Qc2 Rb6 22. Rab1 Rab8 23. Kh2 R6b7 24. f4 Nb6 25. e5 c4 0-1

[Event "*** Titled Tuesday 3|2 Blitz"]
[Site "Chess.com"]
[Date "2016.06.07"]
[Round "5"]
[White "jcibarra"]
[Black "NewBornNow"]
[Result "0-1"]
[WhiteElo "2648"]
[BlackElo "2570"]
[TimeControl "180+2"]
[EndTime "11:58:22 PDT"]
[Termination "NewBornNow won by resignation"]

1. e4 c5 2. Nf3 d6 3. d4 cxd4 4. Nxd4 Nf6 5. Nc3 a6 6. Be3 Ng4 7. Bg5 h6 8. Bh4 g5 9. Bg3 Bg7 10. h3 Ne5 11. f3 Ng6 12. Bf2 Be5 13. g3 Nc6 14. Qd2 Nxd4 15. Bxd4 Bxg3+ 16. Bf2 Bf4 17. Be3 Be6 18. O-O-O Qa5 19. Kb1 Rc8 20. Bxf4 gxf4 21. h4 Rxc3 22. Qxc3 Bxa2+ 23. Kc1 Qxc3 24. bxc3 Ne5 25.
Be2 Kd7 26. Rd4 b5 27. Rg1 Bc4 28. Bd1 a5 29. Rd2 a4 30. Kb2 h5 31. Rdg2 Ng6 32. Rxg6 fxg6 33. Rxg6 Rg8 34. Rxg8 Bxg8 35. Be2 Kc6 36. Ka3 Kc5 37. Bd3 Bc4 38. e5 Bxd3 39. exd6 Bf5 40. dxe7 Bd7 0-1

[Event "*** Titled Tuesday 3|2 Blitz"]
[Site "Chess.com"]
[Date "2016.06.07"]
[Round "5"]
[White "Alexander_Moskalenko"]
[Black "FCChelsea14"]
[Result "1-0"]
[WhiteElo "2661"]
[BlackElo "2417"]
[TimeControl "180+2"]
[EndTime "11:58:42 PDT"]
[Termination "Alexander_Moskalenko won by resignation"]

1. e4 c6 2. Nc3 d5 3. Nf3 Bg4 4. h3 Bxf3 5. Qxf3 e6 6. d4 dxe4 7. Qxe4 Nf6 8. Qd3 Nbd7 9. Be2 Bd6 10. g4 Qc7 11. g5 Nd5 12. Nxd5 cxd5 13. Bd2 Bf4 14.
Bxf4 Qxf4 15. Qe3 Qd6 16. f4 a6 17. c3 O-O-O 18. a4 Kb8 19. h4 h6 20. Kd2 Nf8 21.
Bd3 Nd7 22. a5 Ka8 23. h5 Nb8 24. b4 Nc6 25. g6 fxg6 26. Bxg6 Rhf8 27. Rhf1 Rc8 28.
Rab1 Rf6 29. Bd3 Rcf8 30. f5 e5 31. b5 Nxa5 32. dxe5 Qa3 33. exf6 Qa2+ 34. Kd1 Nc4 35.
Qe2 Qa4+ 36. Ke1 Qa3 37. Bxc4 Qxc3+ 38. Kf2 dxc4 39. bxa6 Qd4+ 40. Kg2 1-0

[Event "*** Titled Tuesday 3|2 Blitz"]
[Site "Chess.com"]
[Date "2016.06.07"]
[Round "5"]
[White "severomorskij"]
[Black "GeorgMeier"]
[Result "1-0"]
[WhiteElo "2613"]
[BlackElo "2710"]
[TimeControl "180+2"]
[EndTime "11:58:43 PDT"]
[Termination "severomorskij won by resignation"]

1. d4 Nf6 2. c4 e6 3. Nf3 d5 4. Nc3 dxc4 5. e4 Bb4 6. Bg5 h6 7. Bxf6 Qxf6 8. Bxc4 c5 9. e5 Qd8 10. O-O cxd4 11. Ne4 O-O 12. Qe2 Be7 13. Bd3 Nd7 14. Rad1 Qc7 15. Ng3 Nc5 16. Nxd4 Nxd3 17. Rxd3 Bd7 18.
Nh5 Rfd8 19. Rg3 Bf8 20. Nf6+ Kh8 21. Qe4 g6 22. Rxg6 1-0

[Event "*** Titled Tuesday 3|2 Blitz"]
[Site "Chess.com"]
[Date "2016.06.07"]
[Round "5"]
[White "dondimi"]
[Black "rdclayton"]
[Result "1-0"]
[WhiteElo "2442"]
[BlackElo "2068"]
[TimeControl "180+2"]
[EndTime "11:58:57 PDT"]
[Termination "dondimi won by resignation"]

1. Nf3 d5 2. d4 Nf6 3. c4 g6 4.
cxd5 Nxd5 5. e4 Nb6 6. h3 Bg7 7. Nc3 O-O 8. Be2 Nc6 9. Be3 f5 10. exf5 Bxf5 11. O-O Nd5 12. Qb3 e6 13. Nxd5 exd5 14.
Qxb7 Ne7 15. Rfc1 c6 16. Bg5 Bf6 17. Bxf6 Rxf6 18. Ne5 Rb8 19. Qxa7 Rxb2 20. Bf3 Be4 21. Bxe4 dxe4 22. Ng4 Rd6 23. Rab1 Rxb1 24. Rxb1 Rxd4 25. Rb8 Nc8 26. Nh6+ Kh8 27. Nf7+ 1-0

[Event "*** Titled Tuesday 3|2 Blitz"]
[Site "Chess.com"]
[Date "2016.06.07"]
[Round "5"]
[White "Iuri_Shkuro"]
[Black "Zhani-Z"]
[Result "1-0"]
[WhiteElo "2402"]
[BlackElo "2221"]
[TimeControl "180+2"]
[EndTime "11:59:34 PDT"]
[Termination "Iuri_Shkuro won by resignation"]

1. e4 e5 2. Nf3 Nc6 3. Nc3 Nf6 4. a3 d6 5. d4 exd4 6. Nxd4 Be7 7. Nxc6 bxc6 8.
Bd3 O-O 9. O-O Nd7 10. f4 Bf6 11. Be3 Rb8 12. Rb1 c5 13. Kh1 Bb7 14. Qg4 Re8 15.
e5 dxe5 16. Rbd1 e4 17. Bb5 c6 18. Rxd7 Bc8 19. Rxd8 Bxg4 20. Rxe8+ Rxe8 21. Bxc6 Rb8 22. Nxe4 Rxb2 23. Nxf6+ gxf6 24. f5 Rxc2 25. Bh6 Rb2 26. h3 Be2 27. Re1 c4 28. Bf3 1-0

[Event "*** Titled Tuesday 3|2 Blitz"]
[Site "Chess.com"]
[Date "2016.06.07"]
[Round "5"]
[White "theprosecution1"]
[Black "INbetweenMOVE"]
[Result "1-0"]
[WhiteElo "2466"]
[BlackElo "2317"]
[TimeControl "180+2"]
[EndTime "11:59:35 PDT"]
[Termination "theprosecution1 won by resignation"]

1. e4 e5 2. Nf3 Nc6 3. Nc3 Nf6 4. Bb5 Bc5 5. Nxe5 Nxe5 6. d4 Bd6 7. f4 Neg4 8. e5 Bb4 9. O-O O-O 10. a3 Bxc3 11.
bxc3 d6 12. exf6 Nxf6 13. f5 Ne4 14. Bd3 Re8 15. f6 g6 16. Qf3 d5 17. Qf4 Qd6 18. Qh6 Qf8 19. Qh4 h5 20. Bf4 Nxc3 21. Bxc7 Bg4 22. Be5 Be2 23. Bxg6 Bxf1 24. Qxh5 1-0

[Event "*** Titled Tuesday 3|2 Blitz"]
[Site "Chess.com"]
[Date "2016.06.07"]
[Round "5"]
[White "Semetey"]
[Black "Abrito99"]
[Result "1-0"]
[WhiteElo "2458"]
[BlackElo "2392"]
[TimeControl "180+2"]
[EndTime "11:59:43 PDT"]
[Termination "Semetey won on time"]

1. b3 e5 2. Bb2 Nc6 3. c4 g6 4. Nc3 Bg7 5. g3 d6 6. Bg2 f5 7. e3 Nf6 8. Nge2 O-O 9. O-O e4 10. d3 exd3 11. Qxd3 Be6 12. Rad1 Qd7 13. Nf4 Bf7 14.
Qb1 g5 15. Nfd5 Bg6 16. Nxf6+ Bxf6 17. Nd5 Bg7 18. Qa1 Rac8 19. c5 Bxb2 20. Qxb2 Qg7 21. Qa3 dxc5 22. Qxc5 Kh8 23. Rd2 Ne5 24. Rfd1 b6 25. Qa3 f4 26. exf4 gxf4 27. Nxf4 Bf5 28. Nh5 Qh6 29. Qb2 1-0

[Event "*** Titled Tuesday 3|2 Blitz"]
[Site "Chess.com"]
[Date "2016.06.07"]
[Round "5"]
[White "Keranke"]
[Black "OldweakGM"]
[Result "1/2-1/2"]
[WhiteElo "2576"]
[BlackElo "2603"]
[TimeControl "180+2"]
[EndTime "11:59:44 PDT"]
[Termination "Game drawn by repetition"]

1. d4 Nf6 2. Nf3 e6 3. Bg5 c5 4. c3 d5 5. e3 h6 6. Bh4 Nc6 7. Nbd2 Bd6 8. Bd3 O-O 9. O-O e5 10. dxe5 Nxe5 11. Nxe5 Bxe5 12. Nf3 Bc7 13. Bc2 Re8 14.
Bxf6 gxf6 15. Qd3 f5 16. Rad1 Be6 17. g3 Qf6 18. Nh4 f4 19. exf4 Bxf4 20. Qh7+ Kf8 21. Nf5 Bc7 22. Nxh6 Rad8 23. Ba4 Qg7 24. Qxg7+ Kxg7 25.
Bxe8 Rxe8 26. Nf5+ Bxf5 27. Rxd5 Be6 28. Rxc5 Bb6 29. Re5 Rd8 30. Rfe1 Bxa2 31. Kg2 Bd5+ 32. f3 Bc6 33. R1e2 Kf6 34. g4 Rd1 35. Rf5+ Kg6 36.
h4 Rg1+ 37. Kh2 Rf1 38. Kg2 Rg1+ 39. Kh2 Rf1 40. Kg2 Rg1+ 41. Kh2 1/2-1/2

[Event "*** Titled Tuesday 3|2 Blitz"]
[Site "Chess.com"]
[Date "2016.06.07"]
[Round "5"]
[White "andretta"]
[Black "Fawolizzo"]
[Result "0-1"]
[WhiteElo "2158"]
[BlackElo "2021"]
[TimeControl "180+2"]
[EndTime "11:59:47 PDT"]
[Termination "Fawolizzo won by resignation"]

1. b3 Nf6 2. Bb2 d6 3. Bxf6 exf6 4. e4 f5 5. exf5 Bxf5 6. Nc3 Be7 7. Nf3 O-O 8. Be2 d5 9. O-O d4 10. Na4 c5 11. Re1 Nc6 12. Nb2 Nb4 13. Nd3 Nd5 14.
Nde5 Bf6 15. Bd3 Bxd3 16. Nxd3 b6 17. Nfe5 Qd6 18. a4 g6 19. Qf3 Bg7 20. Nc4 Qd8 21.
Re2 Rc8 22. Rae1 a6 23. Nde5 b5 24. Nb2 Qd6 25. Ned3 c4 26. b4 0-1

[Event "*** Titled Tuesday 3|2 Blitz"]
[Site "Chess.com"]
[Date "2016.06.07"]
[Round "5"]
[White "Winehouse83"]
[Black "dretch"]
[Result "0-1"]
[WhiteElo "2461"]
[BlackElo "2591"]
[TimeControl "180+2"]
[EndTime "12:00:01 PDT"]
[Termination "dretch won by resignation"]

1. d4 d5 2. c4 c6 3. Nf3 Nf6 4. Nc3 dxc4 5. a4 e6 6. e4 Bb4 7. e5 Nd5 8. Bd2 b5 9. Be2 Bb7 10. Ne4 Be7 11. axb5 cxb5 12. Ba5 Qd7 13. b3 Nc6 14.
O-O Rc8 15. bxc4 bxc4 16. Nc5 Bxc5 17. dxc5 c3 18. Qc2 Nxa5 19. Rxa5 O-O 20. Rb1 Nf4 21. Ng5 Nxe2+ 22. Kf1 Bxg2+ 23. Kxg2 Nf4+ 24. Kg3 Qd3+ 25. Qxd3 Nxd3 26. Ra2 Rxc5 27. Rc2 Rxe5 28. Nf3 Rc5 29. Rb3 Rfc8 30. Nd4 Rg5+ 31. Kf3 Ne1+ 0-1

[Event "*** Titled Tuesday 3|2 Blitz"]
[Site "Chess.com"]
[Date "2016.06.07"]
[Round "5"]
[White "bugsbunny444"]
[Black "rookoco"]
[Result "1-0"]
[WhiteElo "2371"]
[BlackElo "2447"]
[TimeControl "180+2"]
[EndTime "12:00:09 PDT"]
[Termination "bugsbunny444 won by checkmate"]

1. Nf3 h5 2. e4 h4 3. h3 e6 4. d4 Be7 5. Nc3 d5 6. Bd3 Nc6 7. O-O Nb4 8. Be2 dxe4 9. Nxe4 Nf6 10. Neg5 Nh7 11. Nxh7 Rxh7 12. a3 Nc6 13. Bf4 Bf6 14. Qd3 Rh8 15. Rad1 g5 16. Be3 Qd6 17. Nxg5 Qe7 18.
Ne4 Bd7 19. Nc5 O-O-O 20. Qb5 Na5 21. Qxa5 Kb8 22. Bf3 Bc8 23. Qb4 b6 24. Ne4 Qxb4 25. axb4 Be7 26. c3 Rhg8 27. Kh1 Bb7 28. Nd2 Ba6 29. Rfe1 Bd6 30. Ra1 Bc8 31. Ra3 a6 32. Raa1 f5 33. Nc4 Bd7 34. Nxd6 cxd6 35. Rxa6 Kc7 36. Ra7+ Kc8 37. Rea1 d5 38. Bf4 Rde8 39. Rc7+ Kd8 40. Raa7 Bc8 41. Be5 Ref8 42. Rc6 b5 43.
Rcc7 Rg6 44. Ra8 Ke8 45. Raxc8# 1-0

[Event "*** Titled Tuesday 3|2 Blitz"]
[Site "Chess.com"]
[Date "2016.06.07"]
[Round "5"]
[White "AleksandrKholin"]
[Black "Makalexa"]
[Result "1/2-1/2"]
[WhiteElo "2128"]
[BlackElo "2153"]
[TimeControl "180+2"]
[EndTime "12:00:14 PDT"]
[Termination "Game drawn by repetition"]

1. d4 Nf6 2. c4 c5 3. Nf3 cxd4 4.
Nxd4 e5 5. Nb5 d5 6. cxd5 Bc5 7. N5c3 O-O 8. e3 Re8 9. Be2 e4 10. Na3 Nbd7 11. Nc4 Ne5 12. O-O a6 13. a4 Nxc4 14. Bxc4 Qd6 15. Re1 Bg4 16. Qb3 Re7 17. Bd2 Rae8 18.
a5 Bc8 19. Na4 Ng4 20. g3 Qh6 21. h4 Bd6 22. Qb6 Ne5 23. Be2 Nd7 24. Qb3 Ne5 25. Bb4 Bg4 26. Bxg4 Nxg4 27. Bxd6 Qxd6 28. Nb6 Qf6 29.
Qc2 Re5 30. Nd7 Qf5 31. Nxe5 Nxe5 32. Kg2 Qf3+ 33. Kg1 Qf5 34. Kg2 Qf3+ 35. Kg1 Qg4 36. Kg2 Qf3+ 37. Kg1 Qg4 38. Kg2 Qf3+ 1/2-1/2

[Event "*** Titled Tuesday 3|2 Blitz"]
[Site "Chess.com"]
[Date "2016.06.07"]
[Round "5"]
[White "kereswasbest"]
[Black "StoreySniper"]
[Result "0-1"]
[WhiteElo "2113"]
[BlackElo "2318"]
[TimeControl "180+2"]
[EndTime "12:00:24 PDT"]
[Termination "StoreySniper won by resignation"]

1. d4 g6 2. e4 Bg7 3. Nc3 c5 4. d5 Bxc3+ 5. bxc3 Qa5 6. Bd2 Nf6 7. f3 d6 8. c4 Qa4 9. Bd3 b5 10. cxb5 c4 11.
Be2 Bd7 12. c3 Qxd1+ 13. Kxd1 Bxb5 14. a4 Ba6 15. Kc2 Nbd7 16. Nh3 O-O 17. Rhb1 Rfb8 18.
Rb4 Rc8 19. Nf2 Rc7 20. Rab1 Rac8 21. Be3 h5 22. g3 Ne5 23. Bd4 Nfd7 24. h3 f6 25. f4 Nd3 26. Nxd3 cxd3+ 27. Bxd3 Bxd3+ 28. Kxd3 Nc5+ 29. Bxc5 Rxc5 30. c4 a5 31. Rb8 Rxc4 32. Rxc8+ Rxc8 33. Rb5 Rc1 34. e5 Rg1 35. e6 Rxg3+ 36.
Ke4 f5+ 37. Kd4 Rf3 38. Rxa5 Rxf4+ 39. Ke3 Re4+ 40. Kf3 Kg7 41. Ra8 Rd4 42. Re8 Kf6 43.
Rf8+ Ke5 44. Rf7 Kxd5 45. Rxe7 Rxa4 46. Re8 Re4 47. e7 g5 48. Rf8 g4+ 49. Kf2 Rxe7 50.
Rxf5+ Re5 51. hxg4 Rxf5+ 52. gxf5 Ke5 0-1

[Event "*** Titled Tuesday 3|2 Blitz"]
[Site "Chess.com"]
[Date "2016.06.07"]
[Round "5"]
[White "SCIM"]
[Black "AndreyOstrovskiy"]
[Result "0-1"]
[WhiteElo "2251"]
[BlackElo "2443"]
[TimeControl "180+2"]
[EndTime "12:00:31 PDT"]
[Termination "AndreyOstrovskiy won by resignation"]

1. d4 Nf6 2. c4 e6 3. g3 d5 4. Nf3 Bb4+ 5. Bd2 Be7 6. Bg2 c6 7. O-O Nbd7 8. Qc2 b6 9. Bf4 Ba6 10. Ne5 Nxe5 11. dxe5 Nd7 12. Rd1 Bxc4 13. e4 Rc8 14.
Nc3 O-O 15. Rac1 g5 16. Be3 Nxe5 17. exd5 cxd5 18. b3 Ba6 19. Bd4 Ng6 20. Be3 Bf6 21.
Qd2 h6 22. h4 Kg7 23. h5 Ne7 24. f4 Nf5 25. fxg5 Bxg5 26. Bf4 Bxf4 27. gxf4 Qf6 28. Bxd5 Kh8 29. Bg2 Rg8 30. Ne4 Qg7 31. Rxc8 Bxc8 32.
Qf2 Bb7 33. Re1 Nh4 34. Re2 0-1

[Event "*** Titled Tuesday 3|2 Blitz"]
[Site "Chess.com"]
[Date "2016.06.07"]
[Round "5"]
[White "Aguiar94"]
[Black "WanderingPuppet"]
[Result "0-1"]
[WhiteElo "2331"]
[BlackElo "2276"]
[TimeControl "180+2"]
[EndTime "12:00:31 PDT"]
[Termination "WanderingPuppet won on time"]

1. e4 c5 2. Nf3 d6 3. d4 cxd4 4. Nxd4 Nf6 5. Nc3 a6 6. h3 e6 7. g4 Be7 8. Bg2 Nfd7 9. O-O Nc6 10. Be3 Nxd4 11. Qxd4 O-O 12. f4 b5 13. g5 Bb7 14. h4 Rc8 15. a3 Rc4 16. Qd3 Nc5 17. Bxc5 Rxc5 18. f5 exf5 19. Rxf5 Rxf5 20. exf5 Bxg2 21.
Kxg2 Bxg5 22. hxg5 Qxg5+ 23. Kf3 Re8 24. Rh1 Re5 25. b4 h6 26. Kf2 Qf4+ 27. Kg2 Re3 28.
Nd5 Qg3+ 0-1

[Event "*** Titled Tuesday 3|2 Blitz"]
[Site "Chess.com"]
[Date "2016.06.07"]
[Round "5"]
[White "SabinaFoisor"]
[Black "Malev212"]
[Result "0-1"]
[WhiteElo "2206"]
[BlackElo "2252"]
[TimeControl "180+2"]
[EndTime "12:00:36 PDT"]
[Termination "Malev212 won by resignation"]

1. d4 d5 2. c4 e6 3. Nc3 c6 4.
Nf3 Nf6 5. Bg5 h6 6. Bh4 dxc4 7. a4 c5 8. e3 cxd4 9. exd4 Be7 10. Bxc4 O-O 11.
O-O Nc6 12. Qd2 b6 13. Rad1 Nb4 14. Rfe1 Bb7 15. Ne5 Nfd5 16. Bg3 Rc8 17. Bb3 Bg5 18. f4 Bh4 19. Ne4 Bxg3 20. hxg3 a5 21. Qe2 Rc7 22. Qh5 Nf6 23. Nxf6+ Qxf6 24. Ng4 Qf5 25. Qxf5 exf5 26. Ne3 Be4 27. d5 Rd8 28. d6 Rcd7 29. Nc4 Bd5 30. Nxb6 Bxb3 31. Nxd7 Bxd1 32. Nc5 Rxd6 33. Re8+ Kh7 34. Kf2 Rd5 35. Nb7 Nd3+ 36. Ke3 Nxb2 37. Re5 Nc4+ 38. Kf2 Nxe5 39. fxe5 0-1

[Event "*** Titled Tuesday 3|2 Blitz"]
[Site "Chess.com"]
[Date "2016.06.07"]
[Round "5"]
[White "Usurpov"]
[Black "Zazuliak"]
[Result "0-1"]
[WhiteElo "2343"]
[BlackElo "2360"]
[TimeControl "180+2"]
[EndTime "12:00:39 PDT"]
[Termination "Zazuliak won by resignation"]

1. e4 c5 2. Nf3 g6 3. d4 cxd4 4. Nxd4 Bg7 5. c4 Nc6 6. Be3 d6 7. Nc3 Nf6 8. Be2 O-O 9. Qd2 Bd7 10. O-O Nxd4 11. Bxd4 Bc6 12. f3 a5 13. b3 Nd7 14.
Be3 Nc5 15. Rab1 Qb6 16. Rfc1 Rfc8 17. Rc2 Qd8 18. Bf1 h5 19. a3 Kh7 20. b4 axb4 21. axb4 Na4 22. Nd5 e6 23. Nf4 Qf6 24. b5 Be8 25.
Qxd6 Nc3 26. Re1 Nxb5 27. Qb4 Nd4 28. Rd2 Nc6 29. Qxb7 Bh6 30. g3 Ne5 31. Kg2 g5 32.
Qb2 gxf4 33. gxf4 Bxf4 0-1

[Event "*** Titled Tuesday 3|2 Blitz"]
[Site "Chess.com"]
[Date "2016.06.07"]
[Round "5"]
[White "Boorchess"]
[Black "annakantane"]
[Result "0-1"]
[WhiteElo "2347"]
[BlackElo "2233"]
[TimeControl "180+2"]
[EndTime "12:00:42 PDT"]
[Termination "annakantane won by resignation"]

1. d4 Nf6 2. c4 g6 3. Nc3 Bg7 4. e4 d6 5. f4 O-O 6. Nf3 c5 7. d5 e6 8. dxe6 Bxe6 9. Bd3 Nc6 10. O-O Bg4 11. h3 Bxf3 12. Qxf3 Nd4 13. Qf2 a6 14. f5 Nd7 15. Nd5 Ne5 16. Bb1 Re8 17. b3 b5 18. f6 Bf8 19. Ne3 bxc4 20.
Nxc4 Nxc4 21. bxc4 Rb8 22. Bd3 Qd7 23. Be3 Nc6 24.
Rab1 Ne5 25. Be2 h5 26. Rfd1 Qe6 27. Qf1 Kh7 28. Bf4 Bh6 29. Bxh6 Kxh6 30. Rb3 Kh7 31. Qf4 Rxb3 32. axb3 Rb8 33. Rb1 Nd7 34. g4 Qxf6 35. Qd2 hxg4 36. Bxg4 Ne5 37. Rf1 Qe7 38. Bd1 Kg7 39.
Qf4 Rh8 40. Kg2 Rh4 41. Qg3 Rxe4 0-1

[Event "*** Titled Tuesday 3|2 Blitz"]
[Site "Chess.com"]
[Date "2016.06.07"]
[Round "5"]
[White "biostatistician"]
[Black "jeaston1"]
[Result "1/2-1/2"]
[WhiteElo "2305"]
[BlackElo "2037"]
[TimeControl "180+2"]
[EndTime "12:00:43 PDT"]
[Termination "Game drawn by agreement"]

1. d4 d5 2. Nf3 Nf6 3. c4 dxc4 4. e3 e6 5. Bxc4 a6 6. O-O b5 7. Be2 Bb7 8. a4 b4 9. b3 Nbd7 10. Bb2 c5 11. Nbd2 Be7 12. Nc4 O-O 13. Rc1 Rc8 14.
Nfe5 Nxe5 15. Nxe5 cxd4 16. Qxd4 Qxd4 17. Bxd4 Nd5 18.
Nd7 Nc3 19. Bxc3 Rxc3 20. Nxf8 Kxf8 21. Rxc3 bxc3 22. Rc1 Bb4 23. Bf3 Bc8 24. Kf1 a5 25.
Ke2 Ba6+ 26. Kd1 Bd3 27. Be2 c2+ 28. Rxc2 Bxc2+ 29. Kxc2 Ke7 30. Kd3 Kd6 31. f4 f6 32.
Ke4 f5+ 33. Kd4 Bc5+ 34. Kd3 e5 35. fxe5+ Kxe5 36. Bf3 g5 37. Bc6 h5 38. h3 h4 39. Bd7 Bb6 40. Bc6 g4 41. Bd7 g3 42. Bc6 Bc5 43. Bf3 Bb4 44. Bb7 Bc5 45. Bc6 Bb4 46. Bf3 Bc5 47. e4 fxe4+ 48. Bxe4 Bb4 49. Bf3 Kf4 50. Kc4 Kg5 51. Kd5 Be1 52. Ke6 Bb4 53. Ke5 Be1 54. Be2 Bb4 55. Bd3 Bd2 1/2-1/2

[Event "*** Titled Tuesday 3|2 Blitz"]
[Site "Chess.com"]
[Date "2016.06.07"]
[Round "5"]
[White "gmcorrales"]
[Black "akinov-akinseye"]
[Result "1-0"]
[WhiteElo "2517"]
[BlackElo "1707"]
[TimeControl "180+2"]
[EndTime "12:00:43 PDT"]
[Termination "gmcorrales won by resignation"]

1. e4 d5 2. exd5 Qxd5 3. Nc3 Qd6 4. Bc4 Nf6 5. Nf3 g6 6. d4 Bg7 7. O-O O-O 8. h3 a6 9. Re1 b5 10. Bb3 Bb7 11. Ne5 Nc6 12. Bf4 Qxd4 13. Nxc6 Qxd1 14.
Nxe7+ Kh8 15. Raxd1 c5 16. Bd5 Nxd5 17. Nexd5 Rfe8 18. Nc7 Rxe1+ 19. Rxe1 Bxc3 20. bxc3 Rd8 21. Re8+ Rxe8 22.
Nxe8 Bc6 23. Nf6 Kg7 24. Be5 c4 25. f3 Bb7 26. Kf2 h6 27. Ke3 g5 28. Nd7+ Kg6 29.
Nc5 Bc8 30. g4 f5 31. Kd4 fxg4 32. hxg4 h5 33. gxh5+ Kxh5 34. Bf6 Kg6 35. Bd8 Kf5 36. Ne4 Kf4 37. Bxg5+ Kxf3 38. Be7 Ke2 39. a4 Kd1 40. axb5 axb5 41. Bb4 Kxc2 42. Kc5 Bh3 43. Nd6 Kd3 44. Kxb5 Bd7+ 45. Kc5 Be6 46. Ba5 Bg8 47. Nf5 Bf7 48. Ne7 Ke3 49. Nc6 Kd3 50. Ne5+ 1-0

[Event "*** Titled Tuesday 3|2 Blitz"]
[Site "Chess.com"]
[Date "2016.06.07"]
[Round "5"]
[White "Bigfish1995"]
[Black "Imre91"]
[Result "1-0"]
[WhiteElo "2617"]
[BlackElo "2560"]
[TimeControl "180+2"]
[EndTime "12:00:48 PDT"]
[Termination "Bigfish1995 won by checkmate"]

1. e4 e6 2. d4 d5 3. Nd2 Nc6 4. Ngf3 Nf6 5. e5 Nd7 6. Be2 f6 7. exf6 Nxf6 8. Nf1 Bd6 9. Ng3 O-O 10. O-O e5 11.
dxe5 Nxe5 12. Nxe5 Bxe5 13. c3 c5 14. Be3 b6 15. Qd2 Bb7 16. Rad1 Qd7 17. Rfe1 Rae8 18. f3 Qc7 19. Bb5 Rd8 20. Bf2 a6 21. Ba4 Kh8 22.
Qg5 Bf4 23. Qh4 g5 24. Qh6 g4 25. Qh4 gxf3 26. Re6 Ng8 27. Nh5 Bd6 28. Rde1 d4 29. Rxd6 Qxd6 30. Bg3 f2+ 31. Bxf2 Rxf2 32. Qxf2 d3 33. Qf7 Bd5 34. Qg7# 1-0

[Event "*** Titled Tuesday 3|2 Blitz"]
[Site "Chess.com"]
[Date "2016.06.07"]
[Round "5"]
[White "Rating-Schmating"]
[Black "Philofive"]
[Result "0-1"]
[WhiteElo "2191"]
[BlackElo "2344"]
[TimeControl "180+2"]
[EndTime "12:00:52 PDT"]
[Termination "Philofive won by checkmate"]

1. e4 e6 2. d4 d5 3. Nd2 Nf6 4. Bd3 c5 5. exd5 Nxd5 6. Ngf3 Nc6 7. dxc5 Bxc5 8. O-O O-O 9. Ne4 Be7 10. Qe2 a6 11. Rd1 Qc7 12. c4 Nf4 13. Bxf4 Qxf4 14. g3 Qc7 15.
Rac1 e5 16. Nc3 Bg4 17. Nd5 Qd8 18. Ne3 Nd4 19. Nxg4 Nxe2+ 20. Bxe2 Qa5 21. Ngxe5 Rfd8 22. a3 Bf6 23. Nd3 Re8 24. Bf1 Rad8 25. Nf4 Bxb2 26. Rxd8 Rxd8 27. Rb1 Qxa3 28. Ne1 Qa2 29. Bd3 Rxd3 30.
Rxb2 Rxg3+ 31. hxg3 Qxb2 32. Ned3 Qb1+ 33. Kg2 a5 34. Nc5 b6 35. Nd7 a4 36. Nd5 a3 37.
N7xb6 a2 38. Nc3 a1=Q 39. Nxb1 Qxb1 40. Nd5 Qe4+ 41. f3 Qxc4 42. Ne3 Qa2+ 43. Kh3 g6 44. Ng4 f5 45. Nh2 Qf2 46. g4 f4 47. Nf1 Qxf1+ 48. Kh4 Kg7 49. Kg5 Qc4 50. Kh4 h6 51. g5 Qd5 52.
Kh3 Qxg5 53. Kh2 Kf6 54. Kh1 Ke5 55. Kh2 Kd4 56. Kh1 Ke3 57. Kh2 Kf2 58. Kh3 Qg3# 0-1

[Event "*** Titled Tuesday 3|2 Blitz"]
[Site "Chess.com"]
[Date "2016.06.07"]
[Round "5"]
[White "Indianlad"]
[Black "GianmarcoVaR"]
[Result "1-0"]
[WhiteElo "2528"]
[BlackElo "2335"]
[TimeControl "180+2"]
[EndTime "12:00:58 PDT"]
[Termination "Indianlad won by resignation"]

1. e4 c6 2. d4 d5 3. e5 Bf5 4.
Nf3 e6 5. Be2 Ne7 6. O-O Nc8 7.
a4 Nd7 8. c3 a5 9. Na3 Be7 10. Nc2 O-O 11. Re1 f6 12. Bd3 Bg4 13. exf6 Bxf6 14. Ne3 Bxf3 15. Qxf3 e5 16. Qh3 e4 17.
Bc2 Nd6 18. f3 Bh4 19. g3 Bg5 20. Qe6+ Nf7 21. fxe4 Re8 22. Qh3 dxe4 23. Bb3 Nf6 24. Rf1 Bxe3+ 25. Bxe3 Nd5 26. Rf5 Qd7 27. Raf1 Re7 28.
Qh4 g6 29. Rxd5 cxd5 30. Bxd5 Rae8 31. Bb3 Qd6 32. Rf6 Qc7 33. Qg4 Kg7 34. Rf2 Nh6 35.
Bxh6+ Kxh6 36. Qh4+ Kg7 37. Qf6+ Kh6 38. Rf4 Qxf4 39.
Qxf4+ Kg7 40. Qe3 Rf8 41. d5 Rd8 42. Qd4+ Kh6 43. Qf6 Rde8 44. d6 Re5 45. d7 e3 46.
dxe8=Q Rxe8 47. Qh4+ 1-0

[Event "*** Titled Tuesday 3|2 Blitz"]
[Site "Chess.com"]
[Date "2016.06.07"]
[Round "5"]
[White "underdogchss"]
[Black "alturas_pacificas"]
[Result "1-0"]
[WhiteElo "2335"]
[BlackElo "2169"]
[TimeControl "180+2"]
[EndTime "12:01:13 PDT"]
[Termination "underdogchss won by resignation"]

1. d4 d5 2. Nf3 Nf6 3. c4 c6 4.
e3 e6 5. b3 Nbd7 6. Bd3 Be7 7.
Nc3 b6 8. O-O Bb7 9. Qe2 O-O 10.
Bb2 c5 11. cxd5 Nxd5 12. Nxd5 Bxd5 13. Rfd1 cxd4 14. Nxd4 Nf6 15. Ba6 Qb8 16. Rac1 Bb7 17. Nc6 Bxc6 18. Rxc6 Rd8 19. Rdc1 Nd5 20. a3 Bf6 21. Bxf6 Nxf6 22. Rc7 Nd5 23. R7c2 Qe5 24. g3 g6 25. Qf3 Qf6 26. Kg2 Qxf3+ 27. Kxf3 Kf8 28. e4 Nf6 29. h3 Nd7 30. b4 Ne5+ 31. Ke3 Ke7 32. f4 Nd7 33. Rc7 f6 34. Rd1 e5 35.
fxe5 fxe5 36. Bb5 1-0